cohdb
Replays
Latest Replays
All Replays
Popular Replays
Top Player Replays
Match Explorer
How It Works
Community
CoH3 Stats
Reddit
Sign in to upload your games and track your stats! →
Sign in with Steam
Match 45101072
Unlisted
Match 45101072
Overview
Messages
Build Orders
End
Scout Squad
Construct Barracks
1⁄4-ton 4x4 Truck
Selects Armored Battlegroup
Selects Veteran Crews
Riflemen Squad
Riflemen Squad
M1 Mortar Team
Grenade Package
Riflemen Squad
Infantry Support Center
Construct Motor Pool
Selects Fast Deploy
M8 Greyhound Armored Car
Construct Medical Station
Engineer Squad
Selects Seek and Destroy
Riflemen Squad
M1918 Browning Automatic Rifles
Riflemen Squad
M1 Anti-tank Gun Team
Riflemen Squad
Selects M4A3E8 Sherman Combat Group
Selects Field Repairs
Selects War Machine
B3LK0x☠
Nubbl0r
0
0
Comments
sign in to comment!
No comments posted yet!